 Dungeon Crawl Stone Soup version 0.30-a0-743-gbfdf073431 (webtiles) character file.

Game seed: 10063678349125599557

4 CrazyBamboolord the Grave Robber (level 1, 10/10 HPs)
             Began as a Tengu Necromancer on Feb 8, 2023.
             Got out of the dungeon alive.
             The game lasted 00:00:43 (141 turns).

CrazyBamboolord the Grave Robber (Tengu Necromancer) Turns: 141, Time: 00:00:44

Health: 10/10      AC:  2    Str:  8    XL:     1   Next: 70%
Magic:  4/4        EV: 12    Int: 15    God:
Gold:   0          SH:  0    Dex: 14    Spells: 3/4 levels left

rFire   . . .      SeeInvis .    (no weapon)
rCold   . . .      Faith    .    (no shield)
rNeg    . . .      Spirit   .    a - +0 robe
rPois   .          Reflect  .    (helmet restricted)
rElec   .          Harm     .    (no cloak)
rCorr   .          Rampage  .    (no gloves)
Will    .....                    (boots unavailable)
Stlth   ++                       (no amulet)
HPRegen 0.21/turn                (no ring)
MPRegen 0.09/turn                (no ring)

@: no status effects
A: beak, talons 3
a: no special abilities


You escaped.
You visited 1 branch of the dungeon, and saw 1 of its levels.

Inventory:

Armour
 a - a +0 robe (worn)
Scrolls
 c - a scroll of identify {unknown}
Potions
 b - 2 potions of magic


   Skills:
 + Level 2.2 Dodging
 + Level 2.0 Stealth
 + Level 2.0 Spellcasting
 + Level 4.6 Necromancy


You had 3 spell levels left.
You knew the following spells:

 Your Spells              Type           Power      Damage    Failure   Level
a - Necrotise             Necr           60%        1d7       3%          1

Your spell library contained the following spells:

 Spells                   Type           Power      Damage    Failure   Level
 Vampiric Draining        Necr           15%        2d7       10%         3
 Animate Dead             Necr           15%        N/A       32%         4
 Agony                    Necr           15%        N/A       67%         5


Dungeon Overview and Level Annotations

Branches:
Dungeon (1/15)

Altars:


Innate Abilities, Weirdness & Mutations

You have a beak for a mouth.
You have claws for feet.


Message History

A hobgoblin comes into view.
The goblin writhes in agony.
You kill the goblin!
The dead are walking!
You barely miss the hobgoblin.
You claw the hobgoblin, but do no damage.
Your peck misses the hobgoblin. The hobgoblin hits you.
You hit the hobgoblin. Your peck misses the hobgoblin.
The hobgoblin is lightly wounded.
Your goblin skeleton hits the hobgoblin but does no damage.
The hobgoblin misses you.
The hobgoblin writhes in agony.
Your goblin skeleton hits the hobgoblin.
The hobgoblin hits you.
The hobgoblin writhes in agony.
You kill the hobgoblin!
The dead are walking!
Your goblin skeleton hits the hobgoblin but does no damage.
The hobgoblin hits your hobgoblin skeleton.
The hobgoblin hits your hobgoblin skeleton.
Your goblin skeleton hits the hobgoblin but does no damage.
Your hobgoblin skeleton hits the hobgoblin.
The hobgoblin hits your hobgoblin skeleton.
Your hobgoblin skeleton is destroyed!
Your goblin skeleton closely misses the hobgoblin.
The hobgoblin hits you but does no damage.
You hit the hobgoblin but do no damage. You claw the hobgoblin.
You kill the hobgoblin!
You swap places.
You see here a hobgoblin corpse.
Found a pair of boots.
Things that are here:
a +0 club; 2 stones
Found a dark potion.
Found a scroll labelled YCVOCZ NIEBB.
There is an open door here.
There is a dry fountain here.
There is a staircase leading out of the dungeon here.
Are you sure you want to leave the Dungeon?
This will make you lose the game!
You have escaped!

.. ###
###########..
####......[(.###
###...............
#.......⌠...⌠.....
##...⌠.........⌠..
#.........≈.......
#...⌠...........⌠)
#@.....≈.....≈....
#...⌠...........⌠.
#.........≈.......
##...⌠.........⌠..
+......⌠...⌠.....
##...............
####.........###
###########


There were no monsters in sight!

Vanquished Creatures
  2 hobgoblins (D:1)
  2 bats (D:1)
  A goblin (D:1)
5 creatures vanquished.

Notes
Turn   | Place    | Note
-------+----------+-------------------------------------------
     0 | D:1      | CrazyBamboolord the Tengu Necromancer began the quest for
                  | the Orb.
     0 | D:1      | Reached XP level 1. HP: 10/10 MP: 4/4
   141 | D:$      | Got out of the dungeon alive.

Illustrated notes

Levels and vault maps discovered:
D:1:      dpeg_arrival_stone_temple_mockup, layout_loops_ring,
          minmay_indecisive_spiral

Action                     || total
---------------------------++-------
  Melee: Unarmed           ||     6
         Kick              ||     2
   Cast: Necrotise         ||     6
 Armour: Robe              ||     2
  Dodge: Dodged            ||     8

Table legend: (Time is in decaauts)
 A = Elapsed time spent in this place.
 B = Non-inter-level travel time spent in this place.
 C = Inter-level travel time spent in this place.
 D = Time resting spent in this place.
 E = Time spent auto-exploring this place.
 F = Levels seen in this place.
 G = Mean time per level.
                   A        B        C        D        E       F      G
               +--------+--------+--------+--------+--------+-----+--------+
         Total |    141 |     98 |     43 |      0 |     44 |   1 |  141.0 |
       Dungeon |    141 |     98 |     43 |      0 |     44 |   1 |  141.0 |
               +--------+--------+--------+--------+--------+-----+--------+

Top non-repeatable levels by time:
     D:1: 141 daAuts
